 Dungeon Crawl Stone Soup version 0.29-a0-1052-g6990b1bffc (webtiles) character file.

Game seed: 17405299288229137946

36 kae the Firebug (level 3, -2/19 HPs)
             Began as a Deep Elf Fire Elementalist on Aug 17, 2022.
             Slain by a gnoll
             ... wielding a +0 spear
              (5 damage)
             ... on level 1 of the Dungeon.
             The game lasted 00:00:47 (1196 turns).

kae the Firebug (Deep Elf Fire Elementalist)        Turns: 1196, Time: 00:00:47

Health: -2/19      AC:  2    Str:  5    XL:     3   Next: 19%
Magic:  7/9        EV: 12    Int: 21    God:
Gold:   46         SH:  0    Dex: 15    Spells: 2/8 levels left

rFire   . . .      SeeInvis .   (no weapon)
rCold   . . .      Faith    .   (no shield)
rNeg    . . .      Spirit   .   a - +0 robe
rPois   .          Reflect  .   (no helmet)
rElec   .          Harm     .   (no cloak)
rCorr   .          Rampage  .   (no gloves)
Will    .....                   (no boots)
Stlth   ++........              (no amulet)
HPRegen 0.06/turn               (no ring)
MPRegen 0.11/turn               (no ring)

@: no status effects
A: no striking features
a: no special abilities


You were on level 1 of the Dungeon.
You visited 1 branch of the dungeon, and saw 2 of its levels.

You collected 46 gold pieces.


   Skills:
 - Level 2.4 Dodging
 - Level 2.4 Stealth
 + Level 3.4 Spellcasting
 * Level 2.3 Conjurations
 * Level 4.0 Fire Magic


You had 2 spell levels left.
You knew the following spells:

 Your Spells              Type           Power      Damage    Failure   Level
a - Foxfire               Conj/Fire      64%        2x1d7     3%          1
b - Scorch                Fire           40%        2d7       3%          2
c - Conjure Flame         Conj/Fire      16%        6-21      11%         3

Your spell library contained the following spells:

 Spells                   Type           Power      Damage    Failure   Level
 Inner Flame              Hex/Fire       12%        N/A       17%         3
 Dazzling Flash           Conj/Hex       16%        N/A       24%         3
 Flame Wave               Conj/Fire      16%        2d7       34%         4
 Agony                    Necr           3%         N/A       98%         5
 Silence                  Hex/Air        1%         N/A       98%         5

Inventory:

Missiles
 e - 34 stones
Armour
 a - a +0 robe (worn)
Magical Staves
 f - a staff of cold {!a}
   (You took it off a kobold on level 1 of the Dungeon)
Jewellery
 N - a ring of positive energy
   (You found it on level 1 of the Dungeon)
Scrolls
 c - a scroll of identify {unknown}
 d - a scroll of immolation {unknown}
 g - 2 scrolls of blinking {unknown}
Potions
 b - a potion of magic

Dungeon Overview and Level Annotations

Branches:
Dungeon (2/15) Zot: 10802

Altars:

#####..##
#...............^.....
##..####............#######.#
##...#############)# #.#
###.# #.## #.# #.## #..##
###.# #..# ##..###...# ##†#
##### ##..##.### #.#
#...#########....## #.#
#..@g.....#####...##
####.###..g#####...###.....
#.................).....###
#....####.#########........
###..# ##.# ####.####
###..###.)# #[# #
#......#.#############.####
####.......................
##...###########.##.####


You could see 2 gnolls.


Message History

You conjure some foxfire! 😎 MP[-1]
You lost 1 mp, and now have 6/9 mp.
There is a faded altar of an unknown god here.
Key pressed, stopping explore.
Casting: Foxfire (safe; 3% risk of failure)
Confirm with . or Enter, or press ? or * to list all spells.
You conjure some foxfire! 😎 MP[+1]
g - 2 scrolls labelled PUCEAD XAONNOY (gained 1)
You see here a +0 short sword.
There is a faded altar of an unknown god here.
You see here a +0 hand axe.
Key pressed, stopping explore.
You see here a ball python corpse.
You see here a +0 robe.
An endoplasm comes into view.
Things that are here:
a +0 club; a goblin skeleton; 😎 MP[+2]
Your mp is fully restored (9).
An endoplasm is nearby!
An endoplasm is nearby!
An endoplasm is nearby!
Casting: Foxfire (safe; 3% risk of failure)
Confirm with . or Enter, or press ? or * to list all spells.
You conjure some foxfire!
The foxfire hits the endoplasm.
The endoplasm quivers.
The foxfire hits the endoplasm.
You kill the endoplasm! 😎 MP[-1]
You lost 1 mp, and now have 8/9 mp.
Key pressed, stopping explore.
Casting: Foxfire (safe; 3% risk of failure)
Confirm with . or Enter, or press ? or * to list all spells.
You conjure some foxfire!
Key pressed, stopping explore.
Casting: Foxfire (safe; 3% risk of failure)
Confirm with . or Enter, or press ? or * to list all spells.
You conjure some foxfire!
e - 34 stones (gained 4) Key pressed, stopping explore.
Unknown command. 😎 MP[+1]
Your mp is fully restored (9).
You see here a +0 club.
You see here a +0 club.
A hobgoblin comes into view.
The hobgoblin shouts!
A hobgoblin is nearby!
A hobgoblin is nearby!
A hobgoblin is nearby!
Casting: Foxfire (safe; 3% risk of failure)
Confirm with . or Enter, or press ? or * to list all spells.
You conjure some foxfire!
The foxfire hits the hobgoblin. 😎 MP[-1]
You lost 1 mp, and now have 8/9 mp.
Casting: Foxfire (safe; 3% risk of failure)
Confirm with . or Enter, or press ? or * to list all spells.
Flames lash the hobgoblin.
You kill the hobgoblin!
Your Fire Magic skill increases to level 4! 😎 MP[-2]
You lost 2 mp, and now have 6/9 mp.
You see here a hobgoblin corpse.
Key pressed, stopping explore.
Casting: Scorch (safe; 3% risk of failure)
Confirm with . or Enter, or press ? or * to list all spells.
You can't see any susceptible monsters within range! (Use Z to cast anyway.) 😎 MP[+3]
Your mp is fully restored (9).
Okay, then.
Partly explored, can't reach some places.
Partly explored, can't reach some places.
Partly explored, can't reach some places.
Partly explored, can't reach some places.
(D) Dungeon
Where to? (? - help)
You see here a hobgoblin corpse.
There is a stone staircase leading down here.
You climb downwards.
The gnoll shouts! x4; You hear a shout!
You hear a bark! x2
You hear an angry hiss.
There is a stone staircase leading up here.
There are monsters nearby!
Okay, then.
The gnoll hits you with a +0 spear. The gnoll misses you.
You climb upwards.
There is a stone staircase leading down here. 😮 HP[-6]
You take 6 damage, and now have 13/19 hp.
MASSIVE DAMAGE!! (PAUSE)
Casting: Scorch (safe; 3% risk of failure)
Confirm with . or Enter, or press ? or * to list all spells.
Flames lash the gnoll.
The gnoll's fire resistance burns away.
The gnoll hits you with a +0 whip. The gnoll hits you with a +0 spear!
* * * LOW HITPOINT WARNING * * *
The gnoll hits you but does no damage. The gnoll hits you with a +0 spear.
You die...

Skill      XL: |  1  2  3 |
---------------+----------+-----
Conjurations   | 2 |  2.3
Fire Magic     | 4 |  4.0
Dodging        | |  2.4
Stealth        | |  2.4
Spellcasting   | |  3.4

Action                   || total
-------------------------++-------
 Cast: Foxfire           ||    51
       Scorch            ||     5
Armor: Robe              ||     3
Dodge: Dodged            ||    15

Levels and vault maps discovered:
D:1:      wheals_arrival_shading, layout_rooms, shapermc_ecumenical_altar_gd
D:2:      layout_loops_cross

Notes
Turn   | Place    | Note
-------+----------+-------------------------------------------
     0 | D:1      | kae the Deep Elf Fire Elementalist began the quest for the
                  | Orb.
     0 | D:1      | Reached XP level 1. HP: 10/10 MP: 6/6
     0 | D:1      | magus.rc [v1.11.3]
   115 | D:1      | Reached XP level 2. HP: 14/15 MP: 0/8
   245 | D:1      | Learned a level 2 spell: Scorch
   302 | D:1      | Reached skill level 2 in Conjurations
   518 | D:1      | You pick up a book of the Senses and begin reading...
   518 | D:1      | You add the spells Dazzling Flash, Agony and Silence to
                  | your library.
   769 | D:1      | Reached XP level 3. HP: 19/19 MP: 5/9
   773 | D:1      | Learned a level 3 spell: Conjure Flame
   883 | D:1      | Found a faded altar of an unknown god.
  1147 | D:1      | Reached skill level 4 in Fire Magic
  1195 | D:1      | HP: 3/19 [gnoll/+0 spear (9)]
  1196 | D:1      | Slain by a gnoll

Vanquished Creatures
  4 ball pythons (D:1)
  2 bats (D:1)
  6 endoplasms (D:1)
  2 giant cockroaches (D:1)
  6 goblins (D:1)
  A hobgoblin (D:1)
  4 kobolds (D:1)
  2 quokkas (D:1)
  A frilled lizard (D:1)
  3 rats (D:1)
31 creatures vanquished.

Vanquished Creatures (collateral kills)
  4 foxfires (D:1)
4 creatures vanquished.

Vanquished Creatures (others)
  85 foxfires (D:1)
85 creatures vanquished.

Grand Total: 120 creatures vanquished

Table legend:
 A = Non-vault XP
 B = Vault XP
 C = Vault XP percentage of total XP
 D = Non-vault monster count
 E = Vault monster count
 F = Vault count percentage of total count
                 A         B        C        D         E       F
            +---------+---------+-------+---------+---------+-------
      Total |      52 |       0 |   0.0 |      31 |       0 |   0.0
            +---------+---------+-------+---------+---------+-------
        D:1 |      52 |       0 |   0.0 |      31 |       0 |   0.0
            +---------+---------+-------+---------+---------+-------

Illustrated notes

Table legend:
 A = Kills in this place as a percentage of kills in entire the game.
 B = Kills by you in this place as a percentage of kills by you in the entire game.
 C = Kills by friends in this place as a percentage of kills by friends in the entire game.
 D = Other kills in this place as a percentage of other kills in the entire game.
 E = Experience gained in this place as a percentage of experience gained in the entire game.
 F = Experience gained in this place divided by the number of levels of this place that you have seen.
                   A       B       C       D       E      F
               +-------+-------+-------+-------+-------+----------------------
         Total | 100.0 | 100.0 |   N/A |   N/A | 100.0 |  26.0
       Dungeon | 100.0 | 100.0 |   N/A |   N/A | 100.0 |  26.0
               +-------+-------+-------+-------+-------+----------------------

Table legend: (Time is in decaauts)
 A = Elapsed time spent in this place.
 B = Non-inter-level travel time spent in this place.
 C = Inter-level travel time spent in this place.
 D = Time resting spent in this place.
 E = Time spent auto-exploring this place.
 F = Levels seen in this place.
 G = Mean time per level.
                   A        B        C        D        E       F      G
               +--------+--------+--------+--------+--------+-----+--------+
         Total |   1196 |   1179 |     17 |     10 |    981 |   2 |  598.0 |
       Dungeon |   1196 |   1179 |     17 |     10 |    981 |   2 |  598.0 |
               +--------+--------+--------+--------+--------+-----+--------+

Top non-repeatable levels by time:
     D:1: 1194 daAuts
     D:2: 1 daAuts
